 Dungeon Crawl Stone Soup version 0.17-a0-1534-gf98da79 (webtiles) character file.

52 urechis the Conjurer (level 3, -7/19 HPs)
             Began as a Gargoyle Wizard on July 17, 2015.
             Mangled by a gnoll
             ... wielding a +0 halberd
              (8 damage)
             ... on level 2 of the Dungeon.
             The game lasted 00:05:01 (1183 turns).

urechis the Conjurer (Gargoyle Wizard)              Turns: 1183, Time: 00:05:01

Health: -7/19      AC:  5    Str: 10    XL:     3   Next: 85%
Magic:  4/7        EV: 11    Int: 19    God:
Gold:   115        SH:  0    Dex:  8    Spells: 1 memorised, 7 levels left

rFire  . . .     SeeInvis .     j - +0 mace
rCold  . . .     Clarity  .     a - +0 robe
rNeg   + . .     SustAt   .     (no shield)
rPois  ∞         Gourm    .     b - +0 hat
rElec  +         Spirit   .     (no cloak)
rCorr  .         Warding  .     (no gloves)
rMut   .         Stasis   .     (no boots)
MR     .....                    (no amulet)
Stlth  ++........               (no ring)
                                (no ring)

@: not resistant to hostile enchantments, unstealthy
A: negative energy resistance 1, electricity resistance, unbreathing,
petrification resistance, rot immunity, AC +3
a: no special abilities


You were on level 2 of the Dungeon.
You were hungry.

You visited 1 branch of the dungeon, and saw 2 of its levels.

You collected 115 gold pieces.

Inventory:

Hand weapons
 j - a +0 mace (weapon)
Armour
 a - a +0 robe (worn)
 b - a +0 hat (worn)
Scrolls
 g - a scroll of identify {unknown}
 h - 3 scrolls of remove curse {unknown}
 l - a scroll of fear {unknown}
 m - a scroll of amnesia {unknown}
Potions
 e - a potion of agility {unknown}
 f - a potion of heal wounds {unknown}
 i - a potion of mutation {unknown}
 k - a potion of haste {unknown}
Books
 c - a book of Minor Magic

   Spells                             Type                      Level
   a - Magic Dart                     Conjuration                  1
   b - Blink                          Translocation                2
   c - Call Imp                       Summoning                    2
   d - Repel Missiles                 Charms/Air                   2
   e - Slow                           Hexes                        2
   f - Conjure Flame                  Conjuration/Fire             3
   g - Mephitic Cloud                 Conjuration/Poison/Air       3
Comestibles
 d - 3 bread rations
 n - a meat ration


   Skills:
 - Level 1.5 Dodging
 - Level 2.1 Stealth
 + Level 3.3 Spellcasting
 * Level 3.4 Conjurations
   Level 0.8 Summonings
   Level 0.8 Translocations


You had 7 spell levels left.
You knew the following spells:

 Your Spells              Type           Power        Failure   Level  Hunger
a - Magic Dart            Conj           ###.         4%          1    None


Dungeon Overview and Level Annotations

Branches:
Dungeon (2/15)

Altars:
Nemelex Xobeh


Innate Abilities, Weirdness & Mutations

You are resistant to torment.
Your stone body is resilient (AC +3).
You are immune to poison.
You resist negative energy.
You are resistant to electric shocks.
You can survive without breathing.
You are immune to petrification.
You are immune to rotting.


Message History

Confirm with . or Enter, or press ? or * to list all spells.
Aiming: Magic Dart
Press: ? - help, Shift-Dir - straight line, f/p - rat
Aim: a rat The magic dart hits the rat.
You kill the rat!
The gnoll throws a throwing net.
The throwing net hits you.
You become entangled in the net!
You see here a throwing net.
You struggle against the net.
You struggle against the net.
The gnoll hits you from afar with a halberd!
You try to slip out of the net.
You try to slip out of the net.
The gnoll barely misses you.
You struggle against the net.
The gnoll hits you from afar with a halberd!
* * * LOW HITPOINT WARNING * * *
You slip out of the net!
The gnoll hits you from afar with a halberd!
You die...

.g....g....#.########
#######....#........#
# #....#..#####.#
###....#...####.#
+)....†....#...
###....(.#.#.##
#.#..#.#....#
#....#...#..##
......##.#g.@..#
##....##.#...###
#.##.#....#.# #.
#.#..#...# # #......#
#......# ....†.!#
.#.....# ...#.##


You could see a gnoll.

Vanquished Creatures
  2 gnolls (D:2)
  An adder (D:2)
  An ooze (D:1)
  2 ball pythons (D:1)
  A giant cockroach (D:1)
  3 hobgoblins
  4 bats
  2 goblins (D:1)
  2 kobolds
  5 rats
23 creatures vanquished.

Notes
Turn   | Place    | Note
--------------------------------------------------------------
     0 | D:1      | urechis the Gargoyle Wizard began the quest for the Orb.
     0 | D:1      | Reached XP level 1. HP: 10/10 MP: 4/4
    89 | D:1      | Found a sparkling altar of Nemelex Xobeh.
   282 | D:1      | Reached XP level 2. HP: 15/15 MP: 0/6
   774 | D:2      | Reached XP level 3. HP: 15/19 MP: 0/7
  1183 | D:2      | Mangled by a gnoll

Vault maps used:
D:1:      dpeg_arrival_rooms_c, nemelex_xobeh_ov_fountains_minmay
D:2:      grunt_temple_overflow_magic_moments, cheibriados_altar_1,
          xom_teletrap_fun, nicolae_qazlal_eye_of_the_storm,
          lemuel_doored_altar, first_bread

Action                   || total
-------------------------++-------
Melee: Mace              ||    16
       Unarmed           ||     3
 Cast: Magic Dart        ||    57
